 Dungeon Crawl Stone Soup version 0.30.1-3-gfc49f6343a (webtiles) character file.

Game seed: 14837365103647470876

364 Peloso the Slasher (level 6, -5/53 HPs)
             Began as a Minotaur Fighter on Aug 5, 2023.
             Killed from afar by Dowan (11 damage)
             ... with a shard of ice
             ... on level 4 of the Dungeon.
             The game lasted 00:07:48 (2968 turns).

Peloso the Slasher (Minotaur Fighter)               Turns: 2968, Time: 00:07:49

Health: -5/53      AC:  7    Str: 21    XL:     6   Next: 39%
Magic:  5/5        EV:  9    Int:  5    God:
Gold:   150        SH: 12    Dex: 11    Spells: 5/5 levels left

rFire   . . .        a - +0 long sword
rCold   . . .        d - +0 tower shield
rNeg    . . .        b - +0 scale mail
rPois   .            (helmet restricted)
rElec   .            (no cloak)
rCorr   .            (no gloves)
SInv    .            (no boots)
Will    .....        (no amulet) Stlth
                     p - +5 ring of evasion
HPRegen 0.28/turn    (no ring)
MPRegen 0.09/turn

%: no passive effects
@: grasped by roots, constricted
A: horns 2, retaliatory headbutt
a: no special abilities


You were on level 4 of the Dungeon.
You visited 1 branch of the dungeon, and saw 4 of its levels.

You collected 323 gold pieces.
You spent 173 gold pieces at shops.

Inventory:

Hand Weapons
 a - a +0 long sword (weapon)
Armour
 b - a +0 scale mail (worn)
 c - a +0 buckler
 d - a +0 tower shield (worn)
Jewellery
 p - a +5 ring of evasion (left hand)
 r - a +6 ring of intelligence
Scrolls
 e - 3 scrolls of magic mapping
 m - 2 scrolls of noise
 o - 2 scrolls of fog
 q - 2 scrolls of teleportation
 s - 2 scrolls of amnesia
 t - a scroll of fear
Potions
 f - a potion of mutation
 g - a potion of might
 h - 2 potions of heal wounds {unknown}
 i - 2 potions of lignification
 j - a potion of brilliance
 k - a potion of ambrosia
 l - a potion of magic
 n - a potion of invisibility


   Skills:
 + Level 4.5 Fighting
 + Level 5.3 Long Blades
 + Level 5.3 Armour
 + Level 2.1 Dodging
 + Level 0.3 Stealth
 + Level 4.5 Shields


You had 5 spell levels left.
You didn't know any spells.
Your spell library contained the following spells:

 Spells                   Type           Power      Damage    Failure   Level
 Summon Small Mammal      Summ           0%         N/A       100%        1
 Call Canine Familiar     Summ           0%         N/A       100%        3
 Summon Guardian Golem    Hex/Summ       0%         N/A       100%        3


Dungeon Overview and Level Annotations

Branches:
Dungeon (4/15)
 Temple: D:4-7

Altars:
Dithmenos
Kikubaaqudgha

Shops:
D:1 *!==[   D:4 (

Annotations:
D:4 Dowan


Innate Abilities, Weirdness & Mutations

You have a pair of horns on your head.
You reflexively headbutt those who attack you in melee.


Message History

Unknown command.
You hit Dowan but do no damage. You headbutt Dowan.
Dowan is moderately wounded.
Dowan hits you with a +0 dagger. The grasping roots constrict you.
You block Dowan's attack. The grasping roots constrict you.
The grasping roots release their grip on you.
Unknown command.
You hit Dowan. Your headbutt misses Dowan.
Dowan is severely wounded.
You block Dowan's attack. Dowan hits you but does no damage.
Unknown command.
You barely miss Dowan. Your headbutt misses Dowan.
Dowan is severely wounded.
You block Dowan's attack. x2
Unknown command.
You closely miss Dowan.
Dowan is severely wounded.
Dowan zaps a wand.
The roots erupt in riotous growth!
The grasping roots grab you!
Dowan is unaffected.
The grasping roots constrict you. Dowan hits you with a +0 dagger.
* * * LOW HITPOINT WARNING * * *
The grasping roots constrict you.
* * * LOW HITPOINT WARNING * * *
You block Dowan's attack. The grasping roots constrict you.
* * * LOW HITPOINT WARNING * * *
Unknown command.
You hit Dowan.
Dowan is almost dead.
You block Dowan's attack. The grasping roots constrict you.
* * * LOW HITPOINT WARNING * * *
Dowan casts a spell at you. The stone arrow misses you.
The grasping roots constrict you.
Unknown command.
Okay, then.
You closely miss Dowan.
Dowan is almost dead.
Dowan points at you and mumbles some strange words.
The shard of ice hits you!
You die...

################
#######..............###
<....#..................
.....#..................
.....#..................
........................
......##........e....# #
......##.<.8.8.8@### .#.
.......#[........# ....
.......###.....8.#
##.... .....###
#.......# ###..#.⌠.
....##
####..########........
...##
#...##............. .###
#.##.....#........# ##
#.#.....###.......# #
#.#.##..###..##....


You could see Dowan (fast).

Vanquished Creatures
  Duvessa (D:4)
  2 scorpions (D:4)
  4 adders
  3 worms
  3 dart slugs
  3 orcs
  3 endoplasms (D:1)
  6 giant cockroaches
  13 goblins
  12 hobgoblins
  3 jackals (D:4)
  4 quokkas
  6 ball pythons
  6 bats
  2 frilled lizards (D:1)
  7 kobolds
  8 rats
86 creatures vanquished.

Notes
Turn   | Place    | Note
-------+----------+-------------------------------------------
     0 | D:1      | Peloso the Minotaur Fighter began the quest for the Orb.
     0 | D:1      | Reached XP level 1. HP: 19/19 MP: 0/0
   117 | D:1      | Reached XP level 2. HP: 27/27 MP: 1/1
   207 | D:1      | Found Tidolaot's Distillery.
   216 | D:1      | Found Lodor's Assorted Antiques.
   237 | D:1      | Bought a green potion for 21 gold pieces
   317 | D:1      | Found Cyra's Jewellery Emporium.
   400 | D:1      | Found Hewof's Antique Armour Boutique.
   526 | D:1      | Reached XP level 3. HP: 33/33 MP: 2/2
   550 | D:1      | Found Ebleh's Jewellery Shoppe.
   996 | D:2      | Identified the +1 ring mail "Buinn" {Dex+4}
  1169 | D:2      | Reached XP level 4. HP: 40/40 MP: 3/3
  1196 | D:2      | Reached skill level 1 in Dodging
  1666 | D:1      | Bought a potion of mutation for 80 gold pieces
  1852 | D:1      | Bought a scroll labelled ITTOZX YXEN for 24 gold pieces
  1852 | D:1      | Bought a scroll labelled GEZUAZ VOICISE for 24 gold pieces
  1852 | D:1      | Bought a scroll labelled CUALAH GUMOOFI for 24 gold pieces
  2376 | D:4      | Noticed a scorpion
  2389 | D:4      | Killed a scorpion
  2390 | D:4      | Reached XP level 5. HP: 33/47 MP: 4/4
  2466 | D:4      | Found an ancient bone altar of Kikubaaqudgha.
  2552 | D:4      | Found Hyqylyoq's Weapon Boutique.
  2683 | D:4      | Found a shadowy altar of Dithmenos.
  2692 | D:4      | Reached skill level 5 in Armour
  2737 | D:4      | Noticed Dowan
  2737 | D:4      | Noticed Duvessa
  2912 | D:4      | Killed Duvessa
  2913 | D:4      | Reached skill level 5 in Long Blades
  2913 | D:4      | Reached XP level 6. HP: 41/53 MP: 5/5
  2968 | D:4      | Killed from afar by Dowan

Illustrated notes

Levels and vault maps discovered:
D:1:      minmay_arrival_doors, layout_loops_ring, serial_shops,
          nicolae_shop_industrial_runoff, nicolae_shop_tiny_statue_garden,
          nicolae_shop_hallway_stairs, nicolae_shop_hallway_plus, shop,
          minmay_strange_pillars, dk_noncrumbling_4
D:2:      cheibrodos_greedy_goblins, layout_loops_ring
D:3:      layout_rooms, serial_park_tiny_2
D:4:      layout_cave_pods, tso_oasis_becter, nicolae_dithmenos_shadow_blocks,
          amcnicky_altar_gilded, serial_column_ruins, column_ruins_hut_ruined,
          column_ruins_open_medium, column_ruins_grid_1, column_ruins_grid_3,
          column_ruins_open_medium, column_ruins_grid_2,
          column_ruins_columns_straight, column_ruins_corridor_corner,
          serial_shops, nicolae_shop_bloodbath_and_beyond, uniq_duvessa,
          uniq_edmund

Skill      XL: |  1  2  3  4  5 |
---------------+----------------+-----
Long Blades    | 3 4 5 |  5.3
Armour         | 4 5 |  5.3
Fighting       | 4 |  4.5
Dodging        | 1 2 |  2.1
Shields        | 4 |  4.5
Stealth        | |  0.3

Action                     |  1- 3 |  4- 6 || total
---------------------------+-------+-------++-------
  Melee: Long sword        |   115 |   137 ||   252
         Headbutt          |    18 |    22 ||    40
    Use: Scroll            |       |    13 ||    13
         Potion            |       |     2 ||     2
 Armour: Scale mail        |    73 |    41 ||   114
  Dodge: Dodged            |    62 |    64 ||   126
  Block: Buckler           |    32 |    14 ||    46
         Tower shield      |       |    77 ||    77
